 Dungeon Crawl Stone Soup version 0.28.0-45-g0d030f2227 (webtiles) character file.

Game seed: 12104620240420911822

190 cbfl8 the Sneak (level 5, -4/46 HPs)
             Began as a Minotaur Delver on Apr 16, 2022.
             Was an Initiate of Ashenzari.
             Succumbed to a water moccasin's poison
             ... on level 3 of the Dungeon.
             The game lasted 00:03:35 (1488 turns).

cbfl8 the Sneak (Minotaur Delver)                   Turns: 1488, Time: 00:03:36

Health: -4/46      AC: 11    Str: 18 (19) XL:     5   Next: 41%
Magic:  4/4        EV:  7    Int:  6 (7)  God:    Ashenzari [......]
Gold:   92         SH:  0    Dex:  8 (11) Spells: 4/4 levels left

rFire   . . .      SeeInvis .   i - +0 war axe
rCold   . . .      Faith    .   (no shield)
rNeg    + . .      Spirit   .   m - +3 chain mail of the Wheelwright {rN+ Will+ Slay+2}
rPois   .          Reflect  .   (helmet restricted)
rElec   .          Harm     .   (no cloak)
rCorr   .          Rampage  .   (no gloves)
Will    +....                   (no boots)
Stlth   ..........              (no amulet)
HPRegen 0.15/turn               (no ring)
MPRegen 0.09/turn               (no ring)

@: lethally poisoned (-4 -> -26)
A: horns 2, retaliatory headbutt
a: Renounce Religion


You were on level 3 of the Dungeon.
You worshipped Ashenzari.
Ashenzari was noncommittal.
You visited 1 branch of the dungeon, and saw 3 of its levels.

You collected 92 gold pieces.

Inventory:

Hand Weapons
 a - a +0 hand axe
 i - a +0 war axe (weapon)
Armour
 b - a +0 leather armour
 j - a +0 ring mail
 m - the +3 chain mail of the Wheelwright (worn) {rN+ Will+ Slay+2}
   (You found it on level 3 of the Dungeon)

   Slay:      It affects your accuracy & damage with ranged weapons and melee
   (+2).
   rN:        It protects you from negative energy.
   Will:      It increases your willpower.
Wands
 g - a wand of digging (2)
Scrolls
 c - a scroll of fog
 d - a scroll of magic mapping
 h - a scroll of immolation {unknown}
 l - a scroll of holy word {unknown}
 n - a scroll of identify {unknown}
Potions
 f - a potion of haste


   Skills:
 + Level 4.3 Fighting
 + Level 3.8 Axes
 + Level 1.3 Armour
 + Level 2.9 Dodging
 + Level 5.3 Stealth


You had 4 spell levels left.
You didn't know any spells.
Your spell library contained the following spells:

 Spells                   Type           Power      Damage    Failure   Level
 Ensorcelled Hibernation  Hex/Ice        0%         N/A       100%        2
 Passwall                 Tmut/Erth      0%         N/A       100%        2
 Swiftness                Air            0%         N/A       100%        3


Dungeon Overview and Level Annotations

Branches:
Dungeon (5/15)
 Temple: D:4-7

Altars:
Ashenzari
Dithmenos
Okawaru

Shops:
D:3 =


Innate Abilities, Weirdness & Mutations

You have a pair of horns on your head.
You reflexively headbutt those who attack you in melee.


Message History

You headbutt the water moccasin! The adder bites you but does no damage.
You hit the water moccasin.
Your headbutt misses the water moccasin.
The water moccasin is heavily wounded.
You slash the adder!
You kill the adder!
The water moccasin bites you. x2
You are poisoned.
The water moccasin poisons you!
You closely miss the water moccasin.
The water moccasin is heavily wounded.
You feel very sick. The water moccasin bites you.
You are more poisoned.
The water moccasin poisons you!
You miss the water moccasin.
The water moccasin is heavily wounded.
You feel very sick. The water moccasin bites you. x2
It was a potion of degeneration.
There was something very wrong with that liquid.
You feel weakened.
You feel dopey.
You feel clumsy.
You feel very sick.
The water moccasin completely misses you.
The water moccasin bites you but does no damage.
You barely miss the water moccasin.
The water moccasin is heavily wounded.
You feel very sick. The water moccasin bites you.
You are lethally poisoned!
The water moccasin poisons you! The water moccasin bites you.
* * * LOW HITPOINT WARNING * * *
You are more poisoned.
The water moccasin poisons you!
As you read the scroll of fear, it crumbles to dust.
You assume a fearsome visage.
The water moccasin looks frightened!
* * * LOW HITPOINT WARNING * * *
You feel extremely sick.
* * * LOW HITPOINT WARNING * * *
You feel very sick.
You die...

#....#...# .$# ####.##.#...##
g?.# #.......#....##S.
#.##....##...#.#
..##....##....###
#.......###...S.#### ..##.##.#
##.^..†..### ######### #.##....#
##.)....'.# #.......# #.......#
###.@..#.####.#####.# ####)####
##########.........##.# #...#
#.##....#######.##.....
#...#####.####..# #####.###....
#...............# #.......#.#..
###...#####.#####.# #............
..........#.# #.###.......#....
............#####...........#..##
..........#.##.....##.......#..##


You could see a water moccasin (fleeing).

Vanquished Creatures
  A necrophage (D:3)
  A scorpion zombie (D:3)
  A hound skeleton (D:4)
  4 adders (D:3)
  A worm (D:3)
  3 dart slugs (D:3)
  A ball python (D:3)
  An endoplasm (D:3)
  6 goblins
  A hobgoblin (D:3)
  3 jackals (D:3)
  A quokka (D:3)
  A bat (D:3)
  A frilled lizard (D:3)
  2 kobolds (D:3)
28 creatures vanquished.

Vanquished Creatures (others)
  14 fungi (D:3)
14 creatures vanquished.

Grand Total: 42 creatures vanquished

Notes
Turn   | Place    | Note
-------+----------+-------------------------------------------
     0 | D:5      | cbfl8 the Minotaur Delver began the quest for the Orb.
     0 | D:5      | Reached XP level 1. HP: 19/19 MP: 0/0
    10 | D:5      | Noticed a phantom
    14 | D:5      | Noticed a gnoll shaman
    27 | D:5      | Found a shadowy altar of Dithmenos.
   240 | D:4      | Found a broken altar of Ashenzari.
   245 | D:4      | Reached XP level 2. HP: 26/27 MP: 1/1
   268 | D:4      | Became a worshipper of Ashenzari the Shackled
   331 | D:3      | Reached XP level 3. HP: 24/33 MP: 2/2
   643 | D:3      | Noticed a necrophage
   652 | D:3      | Killed a necrophage
   653 | D:3      | Reached skill level 5 in Stealth
   653 | D:3      | Reached XP level 4. HP: 28/40 MP: 3/3
   772 | D:3      | Found an iron altar of Okawaru.
   779 | D:3      | Found Xoussatu's Jewellery Shoppe.
   799 | D:3      | Reached skill level 1 in Armour
   799 | D:3      | Reached XP level 5. HP: 46/46 MP: 4/4
  1159 | D:3      | Identified the +3 chain mail of the Wheelwright {rN+ Will+
                  | Slay+2}
  1217 | D:3      | Noticed a water moccasin
  1487 | D:3      | HP: 1/46 [poisoned by a water moccasin]
  1488 | D:3      | Succumbed to a water moccasin's poison

Illustrated notes

Levels and vault maps discovered:
D:3:      layout_loops_cross, mainiacjoe_overflow_cross_hatched, serial_shops,
          nicolae_shop_stone, lightli_corner_chamber
D:4:      layout_rooms, mainiacjoe_overflow_alcove_1,
          mainiacjoe_overflow_divided_tiny
D:5:      layout_cave_pools, nicolae_overflow_squiral, nicolae_grassy_gnolls

Skill      XL: |  1  2  3  4 |
---------------+-------------+-----
Fighting       | 4 |  4.3
Axes           | 3 |  3.8
Stealth        | 5 |  5.3
Armour         | 1 |  1.3
Dodging        | |  2.9

Action                   |  1- 3 |  4- 6 || total
-------------------------+-------+-------++-------
Melee: War axe           |    32 |    32 ||    64
       Headbutt          |     5 |     6 ||    11
       Punch             |     1 |       ||     1
Evoke: Wand              |       |     1 ||     1
  Use: Scroll            |       |     1 ||     1
       Potion            |       |     1 ||     1
 Stab: Sleeping          |       |     1 ||     1
Armor: Ring mail         |    21 |     3 ||    24
       Leather armour    |     1 |       ||     1
       Chain mail        |       |    11 ||    11
Dodge: Dodged            |    22 |    14 ||    36
